Map: Dusk Towers

Players

llIlIlIlIlIl - Winner!

  • Race: Protoss Protoss
  • League: Master

Miszu

  • Race: Terran Terran
  • League: Grandmaster

VOD

Have the link to the VOD?

Description

Time

  • Played on: May 16, 2016, 3:45 p.m.
  • Length: 10:40
Show
View Real Time Build Order
Export as new Build Order

llIlIlIlIlIl Protoss - Winner!

Build Orders: 1 Gate Expand 

Get SALT Encoding   

  12  0:01  Probe (Chrono Boost)  
  13  0:12  Probe (Chrono Boost)  
  14  0:18  Pylon  
  14  0:22  Probe (Chrono Boost)  
  15  0:37  Gateway, Probe (Chrono Boost)  
  16  0:47  Probe (Chrono Boost)  
  16  0:48  Assimilator  
  17  0:58  Probe (Chrono Boost)  
  18  1:08  Probe (Chrono Boost)  
  19  1:20  Nexus  
  19  1:30  Cybernetics Core  
  19  1:31  Probe (Chrono Boost)  
  20  1:41  Assimilator  
  20  1:42  Probe (Chrono Boost)  
  21  1:47  Pylon  
  21  1:52  Probe (Chrono Boost)  
  22  2:03  Probe (Chrono Boost)  
  22  2:06  Adept (Chrono Boost)  
  22  2:07  Warp Gate  
  25  2:16  Forge  
  25  2:17  Probe (Chrono Boost)  
  26  2:29  Mothership Core (Chrono Boost)  
  28  2:32  Probe (Chrono Boost)  
  28  2:36  Adept  
  31  2:42  Probe (Chrono Boost)  
  32  2:44  Protoss Ground Weapons Level 1 (Chrono Boost)  
  32  2:47  Probe (Chrono Boost)  
  33  2:51  Probe  
  34  2:58  Probe  
  34  3:02  Probe  
  34  3:05  Robotics Facility  
  36  3:10  Probe  
  37  3:14  Gateway, Probe  
  38  3:23  Gateway  
  38  3:24  Probe  
  38  3:25  Probe  
  40  3:35  Pylon  
  40  3:36  Probe  
  40  3:37  Probe  
  42  3:47  Probe, Assimilator  
  43  3:49  Probe  
  43  3:52  Warp Prism (Chrono Boost)  
  46  3:58  Twilight Council  
  46  3:59  Probe  
  47  4:05  Pylon  
  47  4:06  Probe  
  48  4:11  Adept  
  48  4:12  Adept, Probe  
  53  4:18  Probe  
  53  4:22  Protoss Ground Weapons Level 2  
  53  4:23  Pylon  
  54  4:25  Adept, Pylon  
  54  4:27  Probe  
  54  4:30  Probe  
  58  4:33  Observer (Chrono Boost)  
  59  4:39  Blink (Chrono Boost)  
  59  4:45  Assimilator  
  59  4:53  Probe  
  60  5:00  Adept x3  
  60  5:02  Observer  
  67  5:20  Adept x3  
  73  5:24  Probe x2  
  73  5:27  Nexus  
  63  5:30  Pylon  
  63  5:36  Probe x2  
  63  5:39  Observer  
  63  5:42  Stalker x3  
  72  5:48  Probe x2  
  74  6:00  Probe x2  
  66  6:12  Probe  
  66  6:13  Stalker x3, Probe  
  66  6:14  Observer  
  66  6:18  Pylon  
  73  6:20  Gateway, Pylon  
  73  6:23  Gateway  
  73  6:24  Gateway  
  73  6:25  Probe x2  
  75  6:36  Pylon  
  75  6:37  Probe x2  
  75  6:38  Probe  
  78  6:42  Robotics Facility  
  78  6:45  Robotics Bay  
  79  6:49  Probe x2  
  79  6:52  Adept, Sentry  
  79  6:53  Adept  
  87  6:54  Probe  
  87  6:56  Assimilator  
  87  6:57  Assimilator  
  87  6:58  Resonating Glaives (Chrono Boost)  
  87  7:01  Probe x2  
  90  7:05  Probe  
  91  7:12  Photon Cannon  
  91  7:13  Probe  
  92  7:18  Observer  
  92  7:21  Pylon  
  92  7:24  Adept x3, Pylon  
  92  7:25  Adept x2, Probe  
  103  7:32  Pylon  
  103  7:33  Disruptor  
  103  7:34  Probe x2  
  96  7:42  Disruptor  
  99  7:48  Stalker x5  
  110  7:55  Pylon  
  108  8:01  Forge  
  108  8:02  Forge  
  108  8:07  Adept  
  110  8:15  Disruptor  
  110  8:16  Adept x5  
  110  8:17  Pylon, Disruptor  
  110  8:18  Pylon  
  120  8:28  Adept  
  122  8:35  Pylon  
  122  8:38  Protoss Ground Armor Level 1 (Chrono Boost)  
  122  8:49  Adept  
  122  8:50  Adept  
  122  8:51  Adept x3  
  122  8:52  Adept  
  126  8:59  Probe  
  126  9:00  Probe x2  
  112  9:11  Warp Prism, Probe  
  112  9:12  Probe  
  112  9:15  Probe  
  117  9:18  Photon Cannon  
  117  9:22  Photon Cannon  
  117  9:23  Photon Cannon, Probe  
  118  9:30  Stalker x2  
  122  9:31  Stalker  
  124  9:45  Stalker x3  
  130  9:56  Photon Cannon  
  130  9:58  Photon Cannon  
  129  10:00  Photon Cannon  
  129  10:02  Adept x2  
  125  10:13  Adept  
  125  10:14  Adept x2  
  120  10:27  Adept  
  120  10:28  Adept  
Show
View Real Time Build Order
Export as new Build Order

Miszu Terran 

Build Orders: MMM Bio 

Get SALT Encoding   

  12  0:01  SCV  
  13  0:13  SCV  
  14  0:17  Supply Depot  
  14  0:25  SCV  
  15  0:39  SCV  
  15  0:40  Barracks  
  16  0:51  SCV  
  17  1:03  SCV  
  18  1:12  Command Center  
  18  1:16  SCV  
  19  1:27  Marine  
  19  1:30  Orbital Command  
  19  1:39  Barracks  
  19  1:45  Marine  
  20  1:55  Barracks, SCV  
  21  2:06  Marine  
  21  2:07  SCV  
  23  2:08  Refinery  
  23  2:11  Refinery  
  23  2:24  Marine, SCV  
  23  2:27  Marine  
  23  2:28  Orbital Command  
  26  2:37  SCV  
  26  2:41  Barracks Tech Lab  
  26  2:42  Marine  
  28  2:45  Marine  
  28  2:49  Supply Depot, SCV  
  30  2:54  SCV  
  31  3:00  Stimpack  
  31  3:01  SCV  
  31  3:02  Marine  
  33  3:06  SCV  
  33  3:07  Marine  
  33  3:10  Marine  
  36  3:14  SCV  
  36  3:18  SCV  
  38  3:20  Marine  
  38  3:25  Marine  
  38  3:26  Supply Depot  
  38  3:27  SCV  
  41  3:28  Marine  
  41  3:31  SCV  
  43  3:38  Factory  
  43  3:39  SCV  
  44  3:41  Marine  
  44  3:43  SCV  
  44  3:48  Supply Depot, Marine x2  
  46  3:51  SCV  
  49  3:55  SCV  
  50  4:03  SCV  
  50  4:04  Refinery  
  50  4:07  Marauder  
  50  4:08  SCV  
  54  4:10  Supply Depot, Marine x2  
  54  4:15  SCV  
  57  4:20  SCV  
  58  4:24  Supply Depot  
  58  4:26  Starport  
  58  4:27  SCV, Factory Reactor  
  58  4:28  Barracks Reactor  
  58  4:29  Barracks Tech Lab, Marauder  
  61  4:32  SCV  
  61  4:34  Engineering Bay  
  62  4:39  SCV  
  62  4:44  SCV  
  64  4:48  Supply Depot  
  64  4:50  Marauder, Combat Shields  
  64  4:52  Marauder, SCV  
  69  5:01  Terran Infantry Weapons Level 1  
  69  5:03  Missile Turret  
  69  5:04  Missile Turret  
  69  5:07  SCV  
  69  5:08  SCV  
  69  5:10  Factory Reactor  
  69  5:11  Supply Depot  
  71  5:14  Medivac  
  71  5:15  Medivac  
  73  5:27  Marauder  
  70  5:29  Marauder  
  70  5:34  Marine x2  
  70  5:48  Marauder  
  70  5:49  Marine  
  72  5:51  Marine  
  61  6:05  Marine  
  61  6:08  Marauder  
  61  6:09  Marine x2  
  62  6:12  SCV x2  
  63  6:24  SCV x2  
  65  6:33  Command Center  
  65  6:36  SCV  
  65  6:37  Medivac x2  
  70  6:41  SCV  
  70  6:42  Refinery  
  71  6:48  SCV  
  71  6:53  SCV  
  75  6:55  Widow Mine  
  75  6:57  Marine x2  
  75  7:00  SCV  
  78  7:05  SCV  
  78  7:07  Medivac  
  78  7:13  Marine  
  78  7:14  Marauder, SCV  
  78  7:15  Marine  
  83  7:17  SCV  
  83  7:30  Concussive Shells  
  77  7:38  SCV x2  
  78  7:51  Marine x2, Marauder x2  
  83  7:52  SCV  
  83  7:53  SCV  
  83  7:58  Barracks  
  85  8:01  Barracks  
  85  8:08  Marine x2  
  85  8:12  Marauder  
  87  8:13  SCV x2  
  87  8:14  Marine  
  87  8:15  Medivac  
  92  8:26  Marine  
  82  8:28  Marine  
  82  8:30  Orbital Command  
  82  8:31  SCV x2  
  82  8:33  Marine  
  86  8:41  Widow Mine  
  86  8:42  Widow Mine  
  86  8:43  SCV  
  86  8:44  Marine  
  86  9:08  Marauder  
  73  9:12  Medivac x2, SCV  
  73  9:13  Marine x2, Marauder, SCV x2  
  86  9:18  Barracks Reactor  
  86  9:19  Barracks Tech Lab, Widow Mine x2  
  88  9:25  Supply Depot x2, SCV x3  
  88  9:29  Marauder  
  88  9:31  Marine  
  93  9:37  Marine, Marauder, SCV x2  
  93  9:38  Marauder  
  101  9:40  SCV  
  101  9:42  Medivac x2  
  106  9:49  Marine  
  106  9:50  SCV  
  106  9:51  SCV  
  106  9:52  Marauder  
  111  9:54  SCV  
  111  9:55  Marine  
  111  9:56  Supply Depot x2  
  111  9:58  Marine x2  
  115  10:03  SCV  
  116  10:13  Marauder  
  115  10:16  Marine, Marauder  
  115  10:17  Marauder  
  115  10:19  Marine  
Tags
 
Add a new tag
Caveats
  • Supply blocks, unpowered buildings, or Contaminate may cause inaccurate times.
  • Supply counts are checked every 10 seconds.